 Dungeon Crawl Stone Soup version 0.23.2-33-g5129a83184 (webtiles) character file.

Game seed: 2554261280203984230

32162 Debik the Earth Mage (level 13, -3/74 HPs)
             Began as a Gargoyle Earth Elementalist on July 15, 2019.
             Was a High Priest of Vehumet.
             Slain by a freezing wraith (10 damage)
             ... in an ice cave.
             The game lasted 00:43:57 (15895 turns).

Debik the Earth Mage (Gargoyle Earth Elementalist) Turns: 15895, Time: 00:43:57

Health: -3/74      AC: 18    Str: 11    XL:     13   Next: 62%
Magic:  2/40       EV: 16    Int: 22    God:    Vehumet [*****.]
Gold:   1120       SH:  0    Dex: 10    Spells: 17/40 levels left

rFire    . . .     SeeInvis .   E - staff of death
rCold    + . .     Gourm    .   (no shield)
rNeg     + + .     Faith    .   H - +1 robe {rC+}
rPois    ∞         Spirit   .   l - +2 helmet
rElec    +         Reflect  .   (no cloak)
rCorr    .         Harm     .   P - +2 pair of gloves of Tenacity {Stlth+}
MR       .....                  (no boots)
Stlth    +++.......             O - amulet of regeneration
HPRegen  0.62/turn              h - +3 ring of evasion
MPRegen  0.27/turn              s - ring of magical power

@: slowed, very slow
A: negative energy resistance 1, electricity resistance, unbreathing,
petrification resistance, rot immunity, AC +9
a: Renounce Religion


You were in an ice cave.
You worshipped Vehumet.
Vehumet was extremely pleased with you.
You were hungry.

You visited 3 branches of the dungeon, and saw 17 of its levels.
You also visited: Ice Cave.

You collected 1120 gold pieces.

Inventory:

Hand Weapons
 u - a +1 war axe of freezing
Missiles
 b - 71 stones (quivered)
Armour
 l - a +2 helmet (worn)
 H - a +1 robe of cold resistance (worn)
 I - the cursed +1 chain mail of Paranoia {rC+ rN+ Regen+}
   (You found it on level 10 of the Dungeon)

   It protects you from cold.
   It protects you from negative energy.
   It increases your rate of regeneration.
   It has a curse placed upon it.
 P - the +2 pair of gloves of Tenacity (worn) {Stlth+}
   (You found it on level 3 of the Lair of Beasts)

   It makes you more stealthy.
Magical Staves
 E - an uncursed staff of death (weapon)
Jewellery
 h - a +3 ring of evasion (left hand)
 r - an uncursed ring of fire
 s - a ring of magical power (right hand)
 w - an uncursed ring of stealth {unknown}
 C - an uncursed ring of protection from magic
 D - an uncursed ring of protection from cold
 O - an amulet of regeneration (around neck)
Wands
 q - a wand of polymorph (6)
 v - a wand of clouds (3)
 y - a wand of iceblast (17)
 K - a wand of disintegration (31)
 N - a wand of flame (15)
Scrolls
 c - a scroll of enchant weapon
 e - 9 scrolls of remove curse
 m - 9 scrolls of teleportation
 n - 3 scrolls of enchant armour
 G - 3 scrolls of fog
 L - a scroll of fear
 R - a scroll of silence
Potions
 a - a potion of invisibility
 g - 2 potions of berserk rage
 i - 5 potions of might
 j - 8 potions of curing
 k - 5 potions of flight
 o - 4 potions of lignification
 p - 2 potions of magic
 t - 2 potions of cancellation
 x - 6 potions of brilliance
 z - a potion of resistance
 A - a potion of mutation
 B - 3 potions of agility
 J - a potion of ambrosia {unknown}
 M - a potion of haste {unknown}
Miscellaneous
 F - a lamp of fire
Comestibles
 d - 29 rations


   Skills:
 * Level 6.2 Fighting
   Level 1.5 Short Blades
 + Level 1.0 Axes
 + Level 3.5 Dodging
 + Level 4.5 Stealth
 + Level 14.1 Spellcasting
 + Level 3.8 Conjurations
   Level 0.7 Transmutations
 + Level 0.8 Fire Magic
 + Level 16.1 Earth Magic


You had 17 spell levels left.
You knew the following spells:

 Your Spells              Type           Power        Failure   Level  Hunger
a - Sandblast             Erth           ######       0%          1    None
c - Mephitic Cloud        Conj/Pois/Air  ###.....     1%          3    None
d - Lee's Rapid Deconstr  Erth           ######....   1%          5    ###....
e - Stone Arrow           Conj/Erth      ######       1%          3    None
f - Fireball              Conj/Fire      ####......   11%         5    ###....
r - Iron Shot             Conj/Erth      ######....   2%          6    #####..

Your spell library contained the following spells:

 Spells                   Type           Power        Failure   Level  Hunger
 Bolt of Fire             Conj/Fire      ####......   47%         6    #####..
 Magic Dart               Conj           ####         1%          1    None
 Passwall                 Tmut/Erth      ######..     1%          2    None
 Conjure Flame            Conj/Fire      ####....     1%          3    None
 Petrify                  Tmut/Erth      ######..     1%          4    None
 Bolt of Magma            Conj/Fire/Erth #####.....   1%          5    ###....
 Blink                    Tloc           N/A          6%          2    None
 Call Imp                 Summ           ###.....     6%          2    None
 Slow                     Hex            ###.....     6%          2    None
 Iskenderun's Battlesphe  Conj/Chrm      ###.....     13%         5    ###....
 Venom Bolt               Conj/Pois      ###.......   13%         5    ###....
 Summon Lightning Spire   Summ/Air       ###.....     36%         4    None
 Conjure Ball Lightning   Conj/Air       ###.......   54%         6    #####..
 Silence                  Hex/Air        ###.......   73%         5    ###....
 Orb of Destruction       Conj           ####......   82%         7    ######.
 Spellforged Servitor     Conj/Summ      ###.......   97%         7    ######.
 Deflect Missiles         Chrm/Air       ###.......   99%         6    #####..
 Tornado                  Air            ###.......   100%        9    #######


Dungeon Overview and Level Annotations

Branches:
Dungeon (11/15)            Temple (1/1) D:5            Lair (5/6) D:11
  Swamp (0/4) Lair:2        Snake (0/4) Lair:3
  Slime: Lair:5-6       Orc: D:9-12

Altars:
Ashenzari
Cheibriados
Dithmenos
Elyvilon
Fedhas
Gozag
Hepliaklqana
Kikubaaqudgha
Makhleb
Nemelex Xobeh
Okawaru
Qazlal
Ru
Sif Muna
Trog
Uskayaw
Vehumet
Wu Jian
Xom
Yredelemnul
Zin
The Shining One

Annotations:
D:10 3 runed translucent doors, OMOHnopBeT's ghost, journeyman MiFi


Innate Abilities, Weirdness & Mutations

You are resistant to torment.
Your stone body is resilient. (AC +9)
You are immune to poison.
You resist negative energy. (rN+)
You are resistant to electric shocks. (rElec)
You can survive without breathing.
You are immune to petrification.
You are immune to rotting.


Message History

The blast of sand hits the freezing wraith.
The freezing wraith is almost destroyed.
b - 72 stones The freezing wraith misses you.
The freezing wraith closely misses you.
The freezing wraith hits you but does no damage. x2
Casting: Sandblast (safe; 0% risk of failure)
Confirm with . or Enter, or press ? or * to list all spells.
Aiming: Sandblast (safe; 0% risk of failure)
Press: ? - help, Shift-Dir - straight line, f/p - freezing wraith
Aim: a freezing wraith (almost destroyed)
The blast of sand hits the freezing wraith but does no damage.
The freezing wraith is almost destroyed.
b - 71 stones The freezing wraith closely misses you. x2
Okay, then.
Okay, then.
You feel better. The freezing wraith hits you!
* * * LOW HITPOINT WARNING * * *
The freezing wraith freezes you! You resist.
You die...

####...### ###...#
##....#
##........###....##
###..#
##...............##
##...#
#.............####
###...##
#............##
###...###
#..........##
###...###
#.#....#.##
###....## ##..####
##....### #..##
##.@.### ##..##
#.W### ##..# ##..#
##...# ##.W.
##...## .....
#...## .......
#...## .......
##...# #......
##...## ##...#


You could see a freezing wraith.

Vanquished Creatures
  3 hydras
  A death knight (D:9)
  4 two-headed ogres
  Pikel (D:4)
  2 ugly things (D:11)
  An oklob plant (Lair:3)
  A cyclops (D:11)
  Psyche (D:8)
  2 black mambas
  10 spiny frogs
  A gargoyle (D:10)
  A komodo dragon (Lair:3)
  2 rime drakes (Lair:5)
  6 freezing wraiths (IceCv)
  A troll (D:9)
  A merfolk (D:11)
  2 polar bears
  5 dream sheep (Lair:3)
  8 hippogriffs
  30 yaks
  A shadow (D:11)
  7 wyverns
  A basilisk (Lair:5)
  Grum (D:10)
  2 death yak simulacra (IceCv)
  Menkaure (D:4)
  4 vampire mosquitoes (Lair:2)
  3 wargs (D:11)
  3 water moccasins
  Duvessa (D:5)
  4 porcupines
  11 ice beasts
  3 orc warriors
  2 sky beasts
  3 slaves (D:4)
  An alligator simulacrum (IceCv)
  A phantom (D:8)
  A black bear (D:9)
  8 ogres
  2 centaurs
  8 wolves
  4 crocodiles
  2 big kobolds (D:11)
  15 bullfrogs
  A wyvern zombie (D:5)
  Dowan (D:5)
  A water moccasin skeleton (D:9)
  3 killer bees (D:9)
  3 scorpions
  7 wights
  2 howler monkeys (D:11)
  An electric eel (Lair:2)
  3 crimson imps
  A quasit (D:7)
  A centaur zombie (D:10)
  2 bullfrog zombies
  A gnoll shaman (D:4)
  14 hounds
  3 bullfrog skeletons
  5 orc priests
  3 jellies
  15 orc wizards
  Natasha (thrice) (D:2)
  2 iguanas
  13 hell rats (Lair:4)
  A polar bear simulacrum (IceCv)
  5 worker ants
  A killer bee zombie (D:6)
  2 worker ant zombies
  Robin (D:1)
  3 gnolls (D:4)
  5 adders
  5 white imps (IceCv)
  3 oozes
  An adder zombie (D:7)
  4 worms
  A leopard gecko (D:7)
  30 orcs
  8 bats
  3 giant cockroaches
  16 goblins
  12 hobgoblins
  6 jackals
  11 kobolds
  10 quokkas
  5 ball pythons
  3 frilled lizards
  A jackal skeleton (D:3)
  A leopard gecko skeleton (D:8)
  A quokka zombie (D:7)
  7 rats
403 creatures vanquished.

Vanquished Creatures (others)
  A slave (D:4)
  A plant (Lair:3)
2 creatures vanquished.

Grand Total: 405 creatures vanquished

Notes
Turn   | Place    | Note
-------+----------+-------------------------------------------
     0 | D:1      | Debik the Gargoyle Earth Elementalist began the quest for
                  | the Orb.
     0 | D:1      | Reached XP level 1. HP: 10/10 MP: 3/3
   219 | D:1      | Reached XP level 2. HP: 6/15 MP: 0/5
  1032 | D:2      | Noticed Robin
  1037 | D:2      | Reached XP level 3. HP: 20/20 MP: 4/7
  1294 | D:2      | Reached skill level 4 in Earth Magic
  1305 | D:1      | Killed Robin
  1410 | D:2      | Learned a level 3 spell: Stone Arrow
  1463 | D:2      | Reached XP level 4. HP: 24/24 MP: 0/8
  1636 | D:2      | Noticed Natasha
  1643 | D:2      | Killed Natasha
  1951 | D:2      | Noticed Natasha
  1959 | D:2      | Killed Natasha
  1959 | D:2      | Reached XP level 5. HP: 28/28 MP: 6/10
  2068 | D:2      | Noticed Natasha
  2073 | D:2      | Killed Natasha
  2121 | D:3      | Reached skill level 5 in Earth Magic
  2128 | D:3      | Found a bloodstained altar of Trog.
  2357 | D:3      | Learned a level 5 spell: Lee's Rapid Deconstruction
  2361 | D:3      | Learned a level 3 spell: Mephitic Cloud
  2488 | D:4      | Noticed a slave
  2488 | D:4      | Noticed a slave
  2495 | D:4      | Killed a slave
  2497 | D:4      | Noticed Pikel
  2733 | D:4      | Reached skill level 1 in Short Blades
  2733 | D:4      | Reached XP level 6. HP: 33/33 MP: 12/12
  2842 | D:3      | Reached skill level 1 in Fighting
  3433 | D:4      | Reached XP level 7. HP: 38/38 MP: 6/14
  3589 | D:4      | Reached skill level 5 in Spellcasting
  3607 | D:4      | Noticed Menkaure
  3619 | D:4      | Killed Menkaure
  3619 | D:4      | Reached skill level 6 in Earth Magic
  3746 | D:4      | Killed Pikel
  3746 | D:4      | Reached skill level 7 in Earth Magic
  3746 | D:4      | Reached XP level 8. HP: 34/43 MP: 13/17
  4021 | D:5      | Entered Level 5 of the Dungeon
  4053 | D:5      | Reached skill level 1 in Conjurations
  4075 | D:5      | Reached skill level 8 in Earth Magic
  4081 | D:5      | Noticed Duvessa
  4081 | D:5      | Noticed Dowan
  4107 | D:5      | Killed Dowan
  4455 | D:5      | Killed Duvessa
  4779 | D:5      | Reached XP level 9. HP: 47/47 MP: 17/20
  5136 | D:5      | Found a staircase to the Ecumenical Temple.
  5259 | Temple   | Entered the Ecumenical Temple
  5346 | Temple   | Became a worshipper of Vehumet
  5439 | D:5      | Found a white marble altar of Elyvilon.
  5621 | D:6      | Reached skill level 9 in Earth Magic
  6569 | D:7      | Found an opulent altar of Gozag.
  7114 | D:7      | Found a hazy altar of Hepliaklqana.
  7114 | D:7      | Found a blossoming altar of Fedhas.
  7294 | D:8      | Reached skill level 10 in Earth Magic
  7300 | D:8      | Reached * piety under Vehumet
  7300 | D:8      | Offered knowledge of Freeze by Vehumet.
  7358 | D:8      | Noticed Psyche
  7358 | D:8      | Noticed a two-headed ogre
  7648 | D:7      | Killed a two-headed ogre
  7648 | D:7      | Reached XP level 10. HP: 52/52 MP: 16/23
  7720 | D:8      | Killed Psyche
  7869 | D:8      | Reached skill level 11 in Earth Magic
  8053 | D:8      | Found a white marble altar of Elyvilon.
  8214 | D:9      | Reached skill level 10 in Spellcasting
  8511 | D:9      | Reached skill level 1 in Axes
  8520 | D:9      | Found a deep blue altar of Sif Muna.
  8678 | D:9      | Learned a level 6 spell: Iron Shot
  8717 | D:9      | Reached ** piety under Vehumet
  8717 | D:9      | Offered knowledge of Shock by Vehumet.
  8775 | D:9      | Noticed a death knight
  8816 | D:9      | Reached skill level 12 in Earth Magic
  8816 | D:9      | Reached XP level 11. HP: 56/56 MP: 15/25
  8848 | D:9      | Noticed a two-headed ogre
  8850 | D:9      | Killed a two-headed ogre
  9268 | D:9      | Noticed a four-headed hydra
  9273 | D:9      | Killed a four-headed hydra
  9464 | D:9      | Killed a death knight
  9720 | D:10     | Entered Level 10 of the Dungeon
  9729 | D:10     | Reached skill level 13 in Earth Magic
  9732 | D:10     | Noticed a two-headed ogre
  9737 | D:10     | Killed a two-headed ogre
  9928 | D:10     | Noticed Grum
 10309 | D:9      | Offered knowledge of Searing Ray by Vehumet.
 10462 | D:10     | Noticed a two-headed ogre
 10465 | D:10     | Killed a two-headed ogre
 10511 | D:10     | Reached *** piety under Vehumet
 10771 | D:10     | Reached XP level 12. HP: 61/61 MP: 25/28
 10773 | D:10     | Killed Grum
 10892 | D:10     | Identified the cursed +1 chain mail of Paranoia {rC+ rN+
                  | Regen+} (You found it on level 10 of the Dungeon)
 10905 | D:10     | Found a runed translucent gate.
 10905 | D:10     | Found a runed translucent gate.
 10905 | D:10     | Found a runed translucent gate.
 10907 | D:10     | Noticed OMOHnopBeT's ghost (journeyman MiFi)
 11147 | D:11     | Reached skill level 14 in Earth Magic
 11365 | D:11     | Offered knowledge of Sticky Flame by Vehumet.
 11469 | D:11     | Found a staircase to the Lair.
 11668 | D:11     | Reached **** piety under Vehumet
 11837 | D:11     | Offered knowledge of Fireball by Vehumet.
 11844 | D:11     | Learned a level 5 spell: Fireball
 12249 | Lair:1   | Entered Level 1 of the Lair of Beasts
 12483 | Lair:1   | Noticed a seven-headed hydra
 12489 | Lair:1   | Killed a seven-headed hydra
 12760 | Lair:1   | Reached skill level 15 in Earth Magic
 13642 | Lair:2   | Found a staircase to the Swamp.
 13903 | Lair:3   | Reached XP level 13. HP: 55/70 MP: 15/30
 14095 | Lair:3   | Found a staircase to the Snake Pit.
 14261 | Lair:3   | Got a pair of distressingly furry gloves
 14267 | Lair:3   | Identified the +2 pair of gloves of Tenacity {Stlth+} (You
                  | found it on level 3 of the Lair of Beasts)
 14537 | Lair:3   | Reached ***** piety under Vehumet
 14914 | Lair:4   | Reached skill level 5 in Fighting
 14952 | Lair:4   | Reached skill level 16 in Earth Magic
 14957 | Lair:4   | Offered knowledge of Bolt of Fire by Vehumet.
 15767 | Lair:5   | Found a frozen archway.
 15776 | IceCv    | Entered an ice cave
 15884 | IceCv    | HP: 3/74 [freezing wraith (11)]
 15895 | IceCv    | Slain by a freezing wraith

Skill      XL: |  1  2  3  4  5  6  7  8  9 10 11 12 13 |
---------------+----------------------------------------+-----
Earth Magic    | 4 5 7 8 10 12 13 15 16 | 16.1
Spellcasting   | 3 4 6 7 9 10 12 13 14 | 14.1
Dodging        | 2 3 |  3.5
Short Blades   | 1 |  1.5
Fighting       | 1 4 6 |  6.2
Conjurations   | 1 2 3 |  3.8
Stealth        | 3 4 |  4.5
Axes           | 1 |  1.0
Transmutations | |  0.7
Fire Magic     | |  0.8

Action                   |  1- 3 |  4- 6 |  7- 9 | 10-12 | 13-15 || total
-------------------------+-------+-------+-------+-------+-------++-------
Melee: Dagger            |    48 |    53 |       |       |       ||   101
       Unarmed           |     7 |       |       |       |       ||     7
       War axe           |       |     5 |     3 |     1 |       ||     9
       Staff             |       |       |       |     3 |     1 ||     4
Throw: Stone             |       |       |       |     1 |       ||     1
 Cast: Sandblast         |    51 |    79 |   107 |   117 |   109 ||   463
       Stone Arrow       |       |     3 |    37 |    72 |    33 ||   145
       Lee's Rapid Decon |       |       |     9 |   105 |    21 ||   135
       Fireball          |       |       |       |     7 |    12 ||    19
Evoke: Wand              |       |       |       |     1 |       ||     1
  Use: Scroll            |       |    15 |     9 |    18 |     1 ||    43
       Potion            |       |       |       |     2 |     5 ||     7
  Eat: Chunk             |     2 |     6 |    14 |    31 |     6 ||    59
       Ration            |       |       |       |     2 |     1 ||     3
Armor: Robe              |    27 |    42 |    17 |    33 |    40 ||   159
Dodge: Dodged            |    66 |    97 |    33 |    89 |    67 ||   352
